 Dungeon Crawl Stone Soup version 0.27.0-1-g7a089689b8 (webtiles) character file.

Game seed: 16676167623213704014

305 nightchill the Sneak (level 6, -4/34 (36) HPs)
             Began as a Kobold Enchanter on Aug 13, 2021.
             Was an Initiate of Ashenzari.
             Slain by a wight (12 damage)
             ... on level 4 of the Dungeon on Aug 16, 2021.
             The game lasted 00:18:22 (5464 turns).

nightchill the Sneak (Kobold Enchanter)             Turns: 5464, Time: 00:18:22

HP:   -4/34 (36)    AC:  4    Str:  7    XL:     6   Next: 66%
MP:   1/9           EV: 15    Int: 17    God:    Ashenzari [......]
Gold: 140           SH:  0    Dex: 15    Spells: 3/9 levels left

rFire    . . .     SeeInvis +   a - +2 dagger (speed)
rCold    . . .     Faith    .   (shield restricted)
rNeg     . . .     Spirit   .   b - +0 robe
rPois    .         Reflect  .   e - +0 helmet
rElec    .         Harm     .   (no cloak)
rCorr    .         Rampage  .   (no gloves)
Will     .....                  h - +0 pair of boots
Stlth    ++++......             n - amulet of the acrobat
HPRegen  0.11/turn              d - ring of see invisible
MPRegen  0.11/turn              (no ring)

@: confusing by touch, drained
A: small, no large weapons, nightstalker 3
a: Renounce Religion


You were on level 4 of the Dungeon.
You worshipped Ashenzari.
Ashenzari was noncommittal.
You visited 2 branches of the dungeon, and saw 5 of its levels.

You collected 140 gold pieces.

Inventory:

Hand Weapons
 a - a +2 dagger of speed (weapon)
 m - a +1 dagger
 t - a +0 dagger of speed
Armour
 b - a +0 robe (worn)
 e - a +0 helmet (worn)
 h - a +0 pair of boots (worn)
 y - a +0 pair of boots
Jewellery
 d - a ring of see invisible (left hand)
 n - an amulet of the acrobat (around neck)
Wands
 x - a wand of polymorph (12)
Scrolls
 i - 3 scrolls of teleportation
 j - a scroll of vulnerability
 l - a scroll of enchant armour
 r - a scroll of torment
 s - a scroll of magic mapping
 u - a scroll of fog
 w - a scroll of noise
Potions
 c - a potion of lignification
 f - a potion of heal wounds
 g - 2 potions of curing
 k - a potion of attraction
 o - a potion of haste
 p - a potion of berserk rage
 q - a potion of brilliance
 v - a potion of resistance


   Skills:
 + Level 2.3 Fighting
 + Level 3.4 Short Blades
 - Level 2.4 Dodging
 * Level 6.0 Stealth
 - Level 2.1 Spellcasting
 + Level 4.5 Hexes
 - Level 2.0 Ice Magic


You had 3 spell levels left.
You knew the following spells:

 Your Spells              Type           Power      Damage    Failure   Level
a - Corona                Hex            18%        N/A       3%          1
b - Ensorcelled Hibernat  Hex/Ice        24%        N/A       8%          2
c - Confusing Touch       Hex            17%        N/A       9%          3

Your spell library contained the following spells:

 Spells                   Type           Power      Damage    Failure   Level
 Tukima's Dance           Hex            17%        N/A       9%          3
 Dazzling Flash           Conj/Hex       18%        N/A       22%         3
 Passwall                 Tmut/Erth      0%         N/A       28%         2
 Swiftness                Air            1%         N/A       50%         3
 Invisibility             Hex            8%         N/A       99%         6


Dungeon Overview and Level Annotations

Branches:
Dungeon (4/15)             Temple (1/1) D:4

Altars:
Ashenzari
Cheibriados
Kikubaaqudgha
Okawaru
Qazlal
Sif Muna
Trog
Uskayaw
Vehumet
Xom
Yredelemnul

Annotations:
D:2 exclusion: downstairs
D:3 1 runed translucent door, p0werm0de's ghost, weakling OpMo
D:4 exclusion: 2 doors


Innate Abilities, Weirdness & Mutations

You are small and have problems with some larger weapons.
You are completely attuned to the shadows.


Message History

You puncture the wight!
The wight is almost destroyed.
The wight hits the wight with a +5 falchion.
You catch the helpless wight completely off-guard!
You puncture the wight!
You destroy the wight!
You hit the wight.
The wight is moderately damaged.
Casting: Confusing Touch (quite dangerous; 10% risk of failure)
Confirm with . or Enter, or press ? or * to list all spells.
The spell is quite dangerous to cast (10% risk of failure)!
Continue anyway?
Your hands begin to glow red.
The wight barely misses you.
You hit the wight but do no damage.
The wight is moderately damaged.
The wight hits you with a +3 dagger!
You hit the wight but do no damage.
The wight appears confused.
The wight is moderately damaged.
You completely miss the wight.
The wight is moderately damaged.
The wight misses you.
You strike the helpless wight from behind!
You puncture the wight!
You destroy the wight!
Your Stealth skill increases to level 6!
Casting: Confusing Touch (dangerous; 9% risk of failure)
Confirm with . or Enter, or press ? or * to list all spells.
Your hands begin to glow red.
A wight is nearby!
You hit the wight but do no damage. The wight completely misses you.
You hit the wight but do no damage. The wight completely misses you.
You hit the wight but do no damage. You hit the wight but do no damage.
The wight hits you with a +5 hand axe.
You hit the wight but do no damage. You hit the wight but do no damage.
The wight hits you with a +5 hand axe!
* * * LOW HITPOINT WARNING * * *
You feel drained.
* * * LOW HITPOINT WARNING * * *
You hit the wight but do no damage. You hit the wight but do no damage.
The wight hits you with a +5 hand axe!
You die...

.......................
.....###......#.###....
...#.# #.#...##........
.###.# #.##'###########
.###.###.#......
.........#..#### #####
####.#####..## .#...##
#.#####...## ......#
#..@z...†(.# ..[....
#######....# ......#
#..#.# .#..... #.z# .
....#.. #...z .####..
##.### #.# .# #... ..#.
#...


You could see a wight.

Vanquished Creatures
  2 wights (D:4)
  2 hounds
  An iguana (D:4)
  Robin (D:2)
  2 adders
  A worm (D:2)
  5 bats
  2 endoplasms (D:2)
  2 giant cockroaches (D:2)
  18 goblins
  14 hobgoblins
  17 jackals
  4 quokkas
  6 ball pythons
  4 frilled lizards
  5 kobolds
  8 rats
94 creatures vanquished.

Notes
Turn   | Place    | Note
-------+----------+-------------------------------------------
     0 | D:1      | nightchill the Kobold Enchanter began the quest for the
                  | Orb.
     0 | D:1      | Reached XP level 1. HP: 10/10 MP: 3/3
   288 | D:1      | Reached XP level 2. HP: 12/16 MP: 3/5
   369 | D:1      | Learned a level 2 spell: Ensorcelled Hibernation
   890 | D:1      | Reached XP level 3. HP: 12/20 MP: 6/6
  1727 | D:2      | Reached skill level 1 in Ice Magic
  1962 | D:2      | Reached skill level 1 in Fighting
  1962 | D:2      | Reached XP level 4. HP: 25/25 MP: 0/7
  2089 | D:2      | Found an iron altar of Okawaru.
  2283 | D:2      | Learned a level 3 spell: Confusing Touch
  2381 | D:2      | Found a faded altar of an unknown god.
  2666 | D:3      | Found a runed translucent door.
  2666 | D:3      | Noticed p0werm0de's ghost (weakling OpMo)
  2743 | D:3      | Found a hide-covered altar of Uskayaw.
  3081 | D:3      | Reached XP level 5. HP: 25/29 MP: 3/8
  3240 | D:3      | Noticed Robin
  3835 | D:2      | Killed Robin
  4411 | D:3      | Reached skill level 5 in Stealth
  5001 | D:4      | Reached XP level 6. HP: 35/35 MP: 9/9
  5176 | D:4      | Found a staircase to the Ecumenical Temple.
  5182 | Temple   | Entered the Ecumenical Temple
  5260 | Temple   | Became a worshipper of Ashenzari the Shackled
  5343 | D:4      | Found a shimmering blue altar of Sif Muna.
  5352 | D:4      | Identified Sif Muna's Guide on Battle Magic
  5456 | D:4      | Reached skill level 6 in Stealth
  5464 | D:4      | Slain by a wight

Illustrated notes

Levels and vault maps discovered:
D:1:      amcnicky_arrival_blooded_trapdoor, layout_loops_cross
D:2:      layout_basic, basic_altar, dreamdust_ecumenical_altar_statues
D:3:      layout_rooms, nicolae_uskayaw_suspiria,
          hellmonk_ghost_happy_afterlife, uniq_robin
D:4:      minmay_goblin_kobold_castle, layout_loops_corners, led_sif_book,
          minmay_temple_entry_sparse_star
Temple:   jpeg_temple_island

Skill      XL: |  1  2  3  4  5  6 |
---------------+-------------------+-----
Short Blades   | 2 3 |  3.4
Ice Magic      | 1 2 |  2.0
Fighting       | 1 2 |  2.3
Hexes          | 4 |  4.5
Stealth        | 5 6 |  6.0
Dodging        | |  2.4
Spellcasting   | |  2.1

Action                   |  1- 3 |  4- 6 || total
-------------------------+-------+-------++-------
Melee: Dagger            |   137 |   181 ||   318
 Cast: Corona            |    12 |     3 ||    15
       Ensorcelled Hiber |    14 |    35 ||    49
       Confusing Touch   |       |     3 ||     3
 Stab: Sleeping          |    22 |    33 ||    55
       Distracted        |     1 |     1 ||     2
       Confused          |       |     3 ||     3
Armor: Robe              |    24 |    35 ||    59
Dodge: Dodged            |   103 |   104 ||   207
